 Dungeon Crawl Stone Soup version 0.25.1-9-gc5326a611f (webtiles) character file.

Game seed: 10447787286644434541

1222 Blackbelt the Slasher (level 8, -3/64 HPs)
             Began as a Formicid Gladiator on Mar 12, 2021.
             Slain by an ogre
             ... wielding a +0 giant spiked club
              (25 damage)
             ... on level 4 of the Dungeon.
             The game lasted 00:17:39 (4569 turns).

Blackbelt the Slasher (Formicid Gladiator)          Turns: 4569, Time: 00:17:40

Health: -3/64      AC: 10    Str: 22    XL:     8   Next: 75%
Magic:  8/8        EV: 12    Int:  7    God:
Gold:   154        SH:  3    Dex: 12    Spells: 7/7 levels left

rFire    . . .     SeeInvis +   a - +0 long sword
rCold    . . .     Gourm    .   z - +0 buckler
rNeg     . . .     Faith    +   w - +0 ring mail
rPois    .         Spirit   .   (helmet unavailable)
rElec    .         Reflect  .   l - +0 cloak
rCorr    .         Harm     .   m - +2 pair of gloves
MR       .....                  n - +0 pair of boots
Stlth    ++........             s - amulet of faith
HPRegen  0.20/turn              c - ring of stealth
MPRegen  0.11/turn              u - ring of see invisible

@: no status effects
A: permanent stasis, dig shafts and tunnels, four strong arms, antennae 3
a: Dig, Shaft Self


You were on level 4 of the Dungeon.
You were not hungry.

You visited 1 branch of the dungeon, and saw 4 of its levels.
You also visited: Sewer.

You collected 154 gold pieces.

Inventory:

Hand Weapons
 a - a +0 long sword (weapon)
Armour
 b - a +0 leather armour
 l - a +0 cloak (worn)
 m - a +2 pair of gloves (worn)
 n - a +0 pair of boots (worn)
 w - a +0 ring mail (worn)
 z - a +0 buckler (worn)
Jewellery
 c - a ring of stealth (left hand)
 s - an amulet of faith (around neck)
 u - a ring of see invisible (right hand)
Wands
 A - a wand of polymorph (11)
Scrolls
 f - a scroll of identify {unknown}
 h - 2 scrolls of fog {unknown}
 i - a scroll of amnesia {unknown}
 o - 2 scrolls of remove curse {unknown}
 r - 2 scrolls of blinking {unknown}
 t - 2 scrolls of teleportation {unknown}
 y - a scroll of immolation {unknown}
Potions
 e - 4 potions of heal wounds
 g - a potion of flight
 j - a potion of magic {unknown}
 k - 2 potions of curing {unknown}
 q - 2 potions of brilliance {unknown}
 x - a potion of degeneration {unknown}
Comestibles
 d - 8 rations
 v - 6 chunks of flesh


   Skills:
 + Level 5.8 Fighting
 + Level 5.8 Long Blades
 + Level 5.2 Throwing
 + Level 5.2 Dodging


You had 7 spell levels left.
You didn't know any spells.
Your spell library was empty.

Dungeon Overview and Level Annotations

Branches:
Dungeon (4/15)              Sewer (visited)
 Temple: D:4-7

Altars:
Gozag
Hepliaklqana
Vehumet

Annotations:
D:2 1 exclusion


Innate Abilities, Weirdness & Mutations

You cannot be hasted, slowed, berserked, paralysed or teleported.
You can dig through walls and to a lower floor.
Your four strong arms can wield two-handed weapons with a shield.
You have a pair of large antennae on your head. (SInv)


Message History

Attack!
Something hits the freed slave.
The freed slave barely misses something.
Something closely misses the freed slave.
The freed slave hits something!
The freed slave barely misses the ogre.
The ogre closely misses the freed slave.
You float gracefully downwards.
The freed slave hits the ogre.
The ogre closely misses the freed slave.
The freed slave hits the ogre.
The freed slave hits the ogre!
The ogre hits the freed slave with a +0 giant spiked club!
The freed slave dies!
The ogre shouts!
You start resting.
The ogre is too close now for your liking.
You hit the ogre.
The ogre is almost dead.
The ogre hits you with a +0 giant spiked club!!
You die...

#.# #.### ##.# ### #.# #.#
#... ..# { #.# #.# #..# #.#
#.# #.# #..# #.# #.# #.##
#..# #.# #.# #..#####..# #.#
#.####.###.#.......#######.#
#.........###O.....).....#.##
######.###.#@..##.######.....
#.............# #..###
#####.#...##..# #..# #
#.........# #..# #
####.###..#####... .
#.####...........
#............####
##############


You could see an ogre.

Vanquished Creatures
  Pikel (D:4)
  A slave (D:4)
  A phantom (D:4)
  2 bullfrogs (Sewer)
  A howler monkey (D:4)
  A centaur zombie (D:4)
  An orc wizard (D:4)
  2 orc priests (D:4)
  Robin (D:3)
  6 gnolls
  8 adders
  2 river rats (D:3)
  9 oozes
  4 worms
  3 dart slugs
  13 leopard geckos
  5 orcs
  17 ball pythons
  8 bats
  11 giant cockroaches
  19 goblins
  10 hobgoblins
  5 jackals
  5 kobolds
  2 quokkas
  13 frilled lizards
  7 rats
158 creatures vanquished.

Vanquished Creatures (others)
  A slave (D:4)
1 creature vanquished.

Grand Total: 159 creatures vanquished

Notes
Turn   | Place    | Note
-------+----------+-------------------------------------------
     0 | D:1      | Blackbelt the Formicid Gladiator began the quest for the
                  | Orb.
     0 | D:1      | Reached XP level 1. HP: 16/16 MP: 1/1
   220 | D:1      | Reached XP level 2. HP: 23/23 MP: 2/2
   302 | D:1      | Reached XP level 3. HP: 12/28 MP: 3/3
   909 | D:1      | Reached XP level 4. HP: 32/34 MP: 4/4
  1501 | D:2      | Reached XP level 5. HP: 40/41 MP: 5/5
  2342 | D:3      | Found a glowing drain.
  2386 | Sewer    | Entered a sewer
  2393 | Sewer    | Reached XP level 6. HP: 42/47 MP: 6/6
  3266 | Sewer    | Reached XP level 7. HP: 52/54 MP: 7/7
  3477 | D:3      | Noticed Robin
  3634 | D:3      | Killed Robin
  4061 | D:4      | Found a radiant altar of Vehumet.
  4079 | D:4      | Found an opulent altar of Gozag.
  4244 | D:4      | Reached skill level 5 in Long Blades
  4417 | D:4      | Reached XP level 8. HP: 56/61 MP: 8/8
  4419 | D:4      | Reached skill level 5 in Fighting
  4492 | D:4      | Found a hazy altar of Hepliaklqana.
  4494 | D:4      | Noticed Pikel
  4538 | D:4      | Killed Pikel
  4538 | D:4      | Reached skill level 5 in Throwing
  4538 | D:4      | Reached skill level 5 in Dodging
  4569 | D:4      | Slain by an ogre

Illustrated notes

Levels and vault maps discovered:
D:1:      eino_arrival_tree_alley, layout_basic
D:2:      layout_loops_cross, minmay_goblin_outpost
D:3:      layout_loops_cross, gup_sewer_entry_bowl, kennysheep_generic_room_5,
          uniq_robin
D:4:      layout_loops_ring, kennysheep_mini, nicolae_overflow_hidden_temple,
          nicolae_overflow_crystal_walls, first_ration, uniq_pikel

Skill      XL: |  1  2  3  4  5  6  7  8 |
---------------+-------------------------+-----
Dodging        | 3 4 5 |  5.2
Fighting       | 3 4 5 |  5.8
Throwing       | 3 4 5 |  5.2
Long Blades    | 4 5 |  5.8

Action                   |  1- 3 |  4- 6 |  7- 9 || total
-------------------------+-------+-------+-------++-------
Melee: Long sword        |    55 |   271 |   154 ||   480
Throw: Throwing net      |       |     3 |     1 ||     4
 Abil: Dig               |       |       |     1 ||     1
  Use: Potion            |       |       |     2 ||     2
 Stab: Sleeping          |       |       |     3 ||     3
  Eat: Chunk             |       |     9 |     4 ||    13
Armor: Leather armour    |    14 |   154 |       ||   168
       Ring mail         |       |       |    61 ||    61
Dodge: Dodged            |    45 |   251 |    92 ||   388
Block: Buckler           |       |       |     8 ||     8
       Rpst.: Long sword |    15 |    85 |    30 ||   130
